BOSTON vs SAN JOSE

Created - March-23-21 at 21:36

Goals
1 2 3 T
BOSTON 1 0 0 1
SAN JOSE 5 0 1 6
Shots
1 2 3 T
BOSTON 4 5 4 13
SAN JOSE 11 3 13 27

1st period

1. SAN JOSE , Ryan Pulock 7 (Kevin Hayes 25, Chris Kreider 16) at 2:18
2. SAN JOSE , Ryan Dzingel 5 (Ryan Pulock 30, David Savard 13) at 3:59
3. BOSTON , Juuso Valimaki 2 (Philippe Myers 14, Reilly Smith 18) at 10:14
4. SAN JOSE , Cody Ceci 4 (Ryan Carpenter 3, Corey Perry 3) at 11:34
5. SAN JOSE , Jakob Silfverberg 10 (Rickard Rakell 12, Jon Merrill 14) at 11:56
6. SAN JOSE , Ryan Pulock 8 (Kevin Hayes 26) at 17:32 (PP)

Penalties :
Alexandre Texier (BOS) for Hooking (Minor) at 17:28

2nd period

No Goal

Penalties :
Brandon Montour (SJ ) for Tripping (Minor) at 1:20, Corey Perry (SJ ) for Slashing (Minor) at 12:07

3rd period

7. SAN JOSE , Rickard Rakell 10 (Jakob Silfverberg 14) at 1:07

Penalties :
No Penalty

Goalie Stats

Thatcher Demko (BOS), 9 saves from 15 shots - (0.600), L, 7-5-2, 41:07 minutes
Martin Jones (BOS), 12 saves from 12 shots - (1.000), 18:53 minutes
Jake Allen (SJ ), 12 saves from 13 shots - (0.923), W, 22-18-1, 60:00 minutes

Players Stats for BOSTON

Player Name              G  A  P  +/- PIM S  H  SB GA TA FO     MP     PP MP  PK MP  
------------------------------------------------------------------------------------
Alec Martinez            0  0  0  -2  0   0  0  2  0  0  0/0    19:20   2:06   0:00 
Aleksi Saarela           0  0  0   0  0   0  0  0  0  0  0/0     0:00   0:00   0:00 
Alexandre Texier         0  0  0  -1  2   0  0  0  0  0  1/3     6:33   0:00   0:00 
Andrew Mangiapane        0  0  0  -1  0   0  0  0  0  0  1/1    17:35   0:00   0:00 
Blake Comeau             0  0  0  -2  0   0  2  0  0  0  0/0    18:13   2:31   0:00 
Casey Mittelstadt        0  0  0  -1  0   1  0  0  0  0  8/16   17:35   0:00   0:00 
Filip Hronek             0  0  0  -2  0   1  3  1  0  0  0/0    19:20   2:06   0:00 
Ilya Kovalchuk           0  0  0  -2  0   3  1  0  0  0  1/1    18:13   2:31   0:00 
Ivan Barbashev           0  0  0  -2  0   2  1  0  0  0  11/23  18:13   2:31   0:00 
Ivan Provorov            0  0  0  -1  0   0  3  3  0  0  0/0    24:34   1:52   0:04 
Juuso Valimaki           1  0  1  -1  0   1  0  0  0  0  0/0    16:06   0:00   0:00 
Kevin Fiala              0  0  0   0  0   4  0  0  0  0  1/1    17:34   1:27   0:00 
Miles Wood               0  0  0  -1  0   0  2  0  0  0  0/0    17:35   0:00   0:00 
Miro Heiskanen           0  0  0  -1  0   0  0  0  0  0  0/0    24:34   1:52   0:04 
Nicolas Roy              0  0  0   0  0   0  0  0  0  0  0/0     0:53   0:00   0:00 
Philippe Myers           0  1  1  -1  0   0  3  1  0  0  0/0    16:06   0:00   0:00 
Reilly Smith             0  1  1  -1  0   1  3  0  0  0  0/2    23:19   1:27   0:04 
Victor Olofsson          0  0  0  -1  0   0  0  0  0  0  0/0     6:34   0:00   0:00 
William Nylander         0  0  0   0  0   0  1  0  0  0  6/17   17:38   1:27   0:04 

Players Stats for SAN JOSE

Player Name              G  A  P  +/- PIM S  H  SB GA TA FO     MP     PP MP  PK MP  
------------------------------------------------------------------------------------
Brandon Montour          0  0  0   1  2   1  1  1  0  0  0/0    18:45   0:00   0:48 
Braydon Coburn           0  0  0   1  0   0  3  1  0  0  0/0    19:20   0:00   1:28 
Brian Boyle              0  0  0   1  0   1  1  0  0  0  2/2    14:53   0:00   0:58 
Chris Kreider            0  1  1   1  0   3  0  0  0  0  2/4    19:10   0:04   1:57 
Cody Ceci                1  0  1   1  0   1  2  0  0  0  0/0    20:01   0:00   2:03 
Corey Perry              0  1  1   1  2   3  0  0  0  0  0/1     8:33   0:00   0:00 
David Savard             0  1  1   2  0   1  1  1  0  0  0/0    21:57   0:04   1:45 
Dustin Brown             0  0  0   1  0   0  1  0  0  0  1/1    18:16   0:04   1:03 
Jakob Silfverberg        1  1  2   1  0   1  0  0  0  0  0/0    17:23   0:00   1:03 
Jesper Fast              0  0  0   1  0   1  4  0  0  0  0/0    14:41   0:00   0:46 
Jon Merrill              0  1  1   1  0   1  2  1  0  0  0/0    17:52   0:00   0:00 
Jordan Weal              0  0  0   0  0   0  0  0  0  0  0/0     0:00   0:00   0:00 
Kevin Hayes              0  2  2   1  0   5  1  0  0  0  14/18  19:10   0:04   1:57 
Lucas Wallmark           0  0  0   1  0   0  1  0  0  0  6/11    8:46   0:00   0:12 
Paul Stastny             0  0  0   1  0   2  3  0  0  0  7/14   16:20   0:00   0:00 
Rickard Rakell           1  1  2   1  0   3  1  0  0  0  1/1    16:20   0:00   0:00 
Ryan Carpenter           0  1  1   1  0   0  1  0  0  0  0/0     8:34   0:00   0:00 
Ryan Dzingel             1  0  1   1  0   1  0  0  0  0  2/12   13:55   0:00   0:00 
Ryan Pulock              2  1  3   2  0   3  2  5  0  0  0/0    22:04   0:04   1:52 
Stefan Noesen            0  0  0   0  0   0  0  0  0  0  0/0     0:00   0:00   0:00 

3 Stars

1 - Ryan Pulock (SJ )
2 - Rickard Rakell (SJ )
3 - Jakob Silfverberg (SJ )

Power Play

BOSTON - 0 on 2 Attempt(s) - 0.00%
SAN JOSE - 1 on 1 Attempt(s) - 100.00%

Penalty Kill

BOSTON - 0 on 1 Attempt(s) - 0.00% - Score 0 goal in Penalty Kill
SAN JOSE - 2 on 2 Attempt(s) - 100.00% - Score 0 goal in Penalty Kill

Team Stat

BOSTON - Hits : 19 - Faceoff Wins : 29 - Blocked Shots : 7 - Penalty Minutes : 2
SAN JOSE - Hits : 24 - Faceoff Wins : 35 - Blocked Shots : 9 - Penalty Minutes : 4

Official

Referees : Scott Cockwell and Justin Ridenour
Linesman : Michel Cormier and Steven Walsh

Game Notes

Martin Jones enters game at 1:07 of 3rd period

Finance

Level 1 -- Attendance: 4694 (78.23%) -- Ticket Income $469,400
Level 2 -- Attendance: 3967 (79.34%) -- Ticket Income $238,020
Level 3 -- Attendance: 1984 (99.20%) -- Ticket Income $69,440
Level 4 -- Attendance: 3537 (88.43%) -- Ticket Income $70,740
Luxury Box -- Attendance: 736 (73.60%) -- Ticket Income $147,200
Game was played at the SAP Center.
Total Attendance: 14918 (82.88%)
Total Ticket Income: $994,800
Total Income: $994,800

BOSTON

5 vs 5 Forward 
   Center                   Left Wing                Right Wing               Time % Phy DF OF 
 1 William Nylander         Reilly Smith             Kevin Fiala              35     1   2  2  
 2 Ivan Barbashev           Ilya Kovalchuk           Blake Comeau             30     1   2  2  
 3 Casey Mittelstadt        Andrew Mangiapane        Miles Wood               25     1   2  2  
 4 Alexandre Texier         Victor Olofsson          Reilly Smith             10     1   2  2  

5 vs 5 Defense 
   Defense                  Defense                                           Time % Phy DF OF 
 1 Ivan Provorov            Miro Heiskanen                                    35     1   2  2  
 2 Alec Martinez            Filip Hronek                                      30     1   2  2  
 3 Philippe Myers           Juuso Valimaki                                    25     1   2  2  
 4 Ivan Provorov            Miro Heiskanen                                    10     1   2  2  

PowerPlay Forward 
   Center                   Left Wing                Right Wing               Time % Phy DF OF 
 1 William Nylander         Reilly Smith             Kevin Fiala              60     1   2  2  
 2 Ivan Barbashev           Ilya Kovalchuk           Blake Comeau             40     1   2  2  

PowerPlay Defense
   Defense                  Defense                                           Time % Phy DF OF 
 1 Ivan Provorov            Miro Heiskanen                                    60     1   2  2  
 2 Alec Martinez            Filip Hronek                                      40     1   2  2  

Penalty Kill 4 Players Forward 
   Center                   Wing                     Time % Phy DF OF 
 1 Reilly Smith             William Nylander         60     1   2  2  
 2 Kevin Fiala              Ilya Kovalchuk           40     1   2  2  

Penalty Kill 4 Players Defense
   Defense                  Defense                  Time % Phy DF OF 
 1 Ivan Provorov            Miro Heiskanen           60     1   2  2  
 2 Alec Martinez            Filip Hronek             40     1   2  2  

Penalty Kill - 3 Players Forward 
   Forward                                           Time % Phy DF OF 
 1 Reilly Smith                                      60     1   2  2  
 2 William Nylander                                  40     1   2  2  

Penalty Kill - 3 Players Defense
   Defense                  Defense                  Time % Phy DF OF 
 1 Ivan Provorov            Miro Heiskanen           60     1   2  2  
 2 Alec Martinez            Filip Hronek             40     1   2  2  

4 vs 4 Forward 
   Center                   Wing                     Time % Phy DF OF 
 1 Reilly Smith             William Nylander         60     1   2  2  
 2 Kevin Fiala              Ilya Kovalchuk           40     1   2  2  

4 vs 4 Defense
   Defense                  Defense                  Time % Phy DF OF 
 1 Ivan Provorov            Miro Heiskanen           60     1   2  2  
 2 Alec Martinez            Filip Hronek             40     1   2  2  

Last Minutes Offensive
   Center                   Left Wing                Right Wing               Defense                  Defense                  
   William Nylander         Reilly Smith             Kevin Fiala              Ivan Provorov            Miro Heiskanen           

Last Minutes Defensive
   Center                   Left Wing                Right Wing               Defense                  Defense                  
   William Nylander         Reilly Smith             Kevin Fiala              Ivan Provorov            Miro Heiskanen           

Goaltenders
Starting : Thatcher Demko           
Backup : Martin Jones             

Extra Forwards
Normal : Nicolas Roy, Aleksi Saarela, Andrew Mangiapane - PP : Nicolas Roy, Aleksi Saarela - PK : Andrew Mangiapane
Extra Defensemen
Normal : Philippe Myers, Juuso Valimaki, Alec Martinez - PP : Philippe Myers - PK : Juuso Valimaki, Alec Martinez
Penalty Shots
Reilly Smith, William Nylander, Kevin Fiala, Ilya Kovalchuk, Blake Comeau

Scratches
Filip Zadina (Healthy), BOS Cap Hit (Suspend), Robert Hagg (Healthy), Charlie Lindgren (Healthy)

SAN JOSE

5 vs 5 Forward 
   Center                   Left Wing                Right Wing               Time % Phy DF OF 
 1 Kevin Hayes              Chris Kreider            Dustin Brown             35     1   2  2  
 2 Paul Stastny             Rickard Rakell           Jakob Silfverberg        30     1   2  2  
 3 Ryan Dzingel             Brian Boyle              Jesper Fast              25     1   2  2  
 4 Lucas Wallmark           Ryan Carpenter           Corey Perry              10     1   2  2  

5 vs 5 Defense 
   Defense                  Defense                                           Time % Phy DF OF 
 1 David Savard             Ryan Pulock                                       35     1   2  2  
 2 Cody Ceci                Brandon Montour                                   30     1   2  2  
 3 Jon Merrill              Braydon Coburn                                    25     1   2  2  
 4 David Savard             Ryan Pulock                                       10     1   2  2  

PowerPlay Forward 
   Center                   Left Wing                Right Wing               Time % Phy DF OF 
 1 Kevin Hayes              Chris Kreider            Dustin Brown             60     1   2  2  
 2 Paul Stastny             Rickard Rakell           Jakob Silfverberg        40     1   2  2  

PowerPlay Defense
   Defense                  Defense                                           Time % Phy DF OF 
 1 David Savard             Ryan Pulock                                       60     1   2  2  
 2 Cody Ceci                Brandon Montour                                   40     1   2  2  

Penalty Kill 4 Players Forward 
   Center                   Wing                     Time % Phy DF OF 
 1 Chris Kreider            Kevin Hayes              60     1   2  2  
 2 Dustin Brown             Jakob Silfverberg        40     1   2  2  

Penalty Kill 4 Players Defense
   Defense                  Defense                  Time % Phy DF OF 
 1 David Savard             Ryan Pulock              60     1   2  2  
 2 Cody Ceci                Brandon Montour          40     1   2  2  

Penalty Kill - 3 Players Forward 
   Forward                                           Time % Phy DF OF 
 1 Chris Kreider                                     60     1   2  2  
 2 Kevin Hayes                                       40     1   2  2  

Penalty Kill - 3 Players Defense
   Defense                  Defense                  Time % Phy DF OF 
 1 David Savard             Ryan Pulock              60     1   2  2  
 2 Cody Ceci                Brandon Montour          40     1   2  2  

4 vs 4 Forward 
   Center                   Wing                     Time % Phy DF OF 
 1 Chris Kreider            Kevin Hayes              60     1   2  2  
 2 Dustin Brown             Jakob Silfverberg        40     1   2  2  

4 vs 4 Defense
   Defense                  Defense                  Time % Phy DF OF 
 1 David Savard             Ryan Pulock              60     1   2  2  
 2 Cody Ceci                Brandon Montour          40     1   2  2  

Last Minutes Offensive
   Center                   Left Wing                Right Wing               Defense                  Defense                  
   Kevin Hayes              Chris Kreider            Dustin Brown             David Savard             Ryan Pulock              

Last Minutes Defensive
   Center                   Left Wing                Right Wing               Defense                  Defense                  
   Kevin Hayes              Chris Kreider            Dustin Brown             David Savard             Ryan Pulock              

Goaltenders
Starting : Jake Allen               
Backup : Edward Pasquale          

Extra Forwards
Normal : Stefan Noesen, Jordan Weal, Jesper Fast - PP : Stefan Noesen, Jordan Weal - PK : Jesper Fast
Extra Defensemen
Normal : Jon Merrill, Braydon Coburn, Cody Ceci - PP : Jon Merrill - PK : Braydon Coburn, Cody Ceci
Penalty Shots
Chris Kreider, Kevin Hayes, Dustin Brown, Jakob Silfverberg, Rickard Rakell

Scratches
SJ Cap Hit (Suspend), Danny DeKeyser (Healthy)

% Time on Ice - BOSTON

Lines # - Real PCT - Wanted PCT - Time Play
Normal Forward
1 - 29% - 35% - 16:07
2 - 28% - 30% - 15:42
3 - 31% - 25% - 17:35
4 - 12% - 10% - 6:34
Normal Defense
1 - 33% - 35% - 18:38
2 - 31% - 30% - 17:14
3 - 29% - 25% - 16:06
4 - 7% - 10% - 4:00
PP Forward
1 - 37% - 60% - 1:27
2 - 63% - 40% - 2:31
PP Defense
1 - 47% - 60% - 1:52
2 - 53% - 40% - 2:06
PK Forward
1 - 100% - 60% - 0:04
2 - 0% - 40% - 0:00
PK Defense
1 - 100% - 60% - 0:04
2 - 0% - 40% - 0:00
PK3 Forward
1 - 0% - 60%
2 - 0% - 40%
PK3 Defense
1 - 0% - 60%
2 - 0% - 40%
44 Forward
1 - 0% - 60%
2 - 0% - 40%
44 Defense
1 - 0% - 60%
2 - 0% - 40%
Last Minute Offensive  - 0:00
Last Minute Defensive  - 0:00
Total
Forward - 60:00
Defense - 60:00

% Time on Ice - SAN JOSE

Lines # - Real PCT - Wanted PCT - Time Play
Normal Forward
1 - 31% - 35% - 17:09
2 - 29% - 30% - 16:20
3 - 25% - 25% - 13:55
4 - 15% - 10% - 8:34
Normal Defense
1 - 31% - 35% - 17:14
2 - 32% - 30% - 17:58
3 - 32% - 25% - 17:52
4 - 5% - 10% - 2:54
PP Forward
1 - 100% - 60% - 0:04
2 - 0% - 40% - 0:00
PP Defense
1 - 100% - 60% - 0:04
2 - 0% - 40% - 0:00
PK Forward
1 - 74% - 60% - 2:55
2 - 26% - 40% - 1:03
PK Defense
1 - 48% - 60% - 1:55
2 - 52% - 40% - 2:03
PK3 Forward
1 - 0% - 60%
2 - 0% - 40%
PK3 Defense
1 - 0% - 60%
2 - 0% - 40%
44 Forward
1 - 0% - 60%
2 - 0% - 40%
44 Defense
1 - 0% - 60%
2 - 0% - 40%
Last Minute Offensive  - 0:00
Last Minute Defensive  - 0:00
Total
Forward - 60:00
Defense - 60:00

Play-by-Play

1st period


0:01 of 1st period - Kevin Hayes wins face-off versus William Nylander in neutral zone.
0:20 of 1st period - Shot by William Nylander.
0:20 of 1st period - Deflect By Kevin Fiala.
0:20 of 1st period - Stopped by Jake Allen without a rebound.
0:21 of 1st period - Paul Stastny wins face-off versus Ivan Barbashev in SAN JOSE zone.
0:21 of 1st period - Brandon Montour is hit by Blake Comeau.
0:26 of 1st period - Off-side.
0:27 of 1st period - Casey Mittelstadt wins face-off versus Ryan Dzingel in neutral zone.
0:47 of 1st period - Brian Boyle is hit by Philippe Myers and loses puck.
0:52 of 1st period - Shot by Jon Merrill.
0:52 of 1st period - Stopped by Thatcher Demko without a rebound.
0:53 of 1st period - Ivan Barbashev wins face-off versus Paul Stastny in BOSTON zone.
0:53 of 1st period - Ivan Barbashev is hit by Paul Stastny.
0:59 of 1st period - Blake Comeau is hit by Paul Stastny and loses puck.
2:12 of 1st period - Shot by Chris Kreider.
2:12 of 1st period - Shot Misses the Net.
2:14 of 1st period - Shot by Ryan Pulock.
2:14 of 1st period - Shot Blocked by Alec Martinez.
2:16 of 1st period - Shot by Kevin Hayes.
2:16 of 1st period - Stopped by Thatcher Demko with a rebound.
2:18 of 1st period - Shot by Ryan Pulock.
2:18 of 1st period - Goal by Ryan Pulock - BOSTON : 0 - SAN JOSE : 1.
2:19 of 1st period - William Nylander wins face-off versus Lucas Wallmark in neutral zone.
2:48 of 1st period - Shot by Reilly Smith.
2:48 of 1st period - Shot Misses the Net.
3:38 of 1st period - Shot by Miles Wood.
3:38 of 1st period - Shot Blocked by Ryan Pulock.
3:46 of 1st period - Miles Wood is hit by Jesper Fast and loses puck.
3:59 of 1st period - Shot by Ryan Dzingel.
3:59 of 1st period - Goal by Ryan Dzingel - BOSTON : 0 - SAN JOSE : 2.
4:00 of 1st period - Kevin Hayes wins face-off versus Alexandre Texier in neutral zone.
5:24 of 1st period - Icing by David Savard.
5:25 of 1st period - Andrew Mangiapane wins face-off versus Paul Stastny in SAN JOSE zone.
7:42 of 1st period - Chris Kreider is hit by Ivan Provorov and loses puck.
9:01 of 1st period - Shot by Alexandre Texier.
9:01 of 1st period - Shot Misses the Net.
9:03 of 1st period - Shot by Nicolas Roy.
9:03 of 1st period - Shot Blocked by Braydon Coburn.
9:05 of 1st period - Shot by Ivan Provorov.
9:05 of 1st period - Shot Misses the Net.
9:11 of 1st period - Shot by Ivan Provorov.
9:11 of 1st period - Deflect By Victor Olofsson.
9:11 of 1st period - Shot Misses the Net.
10:08 of 1st period - Shot by William Nylander.
10:08 of 1st period - Shot Blocked by Brandon Montour.
10:10 of 1st period - Shot by Reilly Smith.
10:10 of 1st period - Shot Misses the Net.
10:14 of 1st period - Shot by Juuso Valimaki.
10:14 of 1st period - Goal by Juuso Valimaki - BOSTON : 1 - SAN JOSE : 2.
10:15 of 1st period - Kevin Hayes wins face-off versus Casey Mittelstadt in neutral zone.
10:30 of 1st period - Chris Kreider is hit by Ivan Provorov and loses puck.
11:02 of 1st period - Icing by Reilly Smith.
11:03 of 1st period - Lucas Wallmark wins face-off versus Reilly Smith in BOSTON zone.
11:03 of 1st period - Brandon Montour is hit by Filip Hronek and loses puck.
11:30 of 1st period - Shot by Corey Perry.
11:30 of 1st period - Stopped by Thatcher Demko with a rebound.
11:32 of 1st period - Shot by Ryan Carpenter.
11:32 of 1st period - Shot Blocked by Alec Martinez.
11:34 of 1st period - Shot by Cody Ceci.
11:34 of 1st period - Goal by Cody Ceci - BOSTON : 1 - SAN JOSE : 3.
11:35 of 1st period - Paul Stastny wins face-off versus Ivan Barbashev in neutral zone.
11:56 of 1st period - Shot by Jakob Silfverberg.
11:56 of 1st period - Goal by Jakob Silfverberg - BOSTON : 1 - SAN JOSE : 4.
11:57 of 1st period - Kevin Hayes wins face-off versus Casey Mittelstadt in neutral zone.
12:06 of 1st period - Shot by Kevin Hayes.
12:06 of 1st period - Shot Blocked by Ivan Provorov.
12:08 of 1st period - Shot by Kevin Hayes.
12:08 of 1st period - Shot Misses the Net.
12:10 of 1st period - Shot by Chris Kreider.
12:10 of 1st period - Shot Misses the Net.
12:22 of 1st period - Shot by Kevin Hayes.
12:22 of 1st period - Stopped by Thatcher Demko without a rebound.
12:23 of 1st period - Paul Stastny wins face-off versus Ivan Barbashev in BOSTON zone.
12:23 of 1st period - Rickard Rakell is hit by Philippe Myers and loses puck.
12:49 of 1st period - Icing by Philippe Myers.
12:50 of 1st period - Ivan Barbashev wins face-off versus Kevin Hayes in BOSTON zone.
12:57 of 1st period - Shot by Ilya Kovalchuk.
12:57 of 1st period - Stopped by Jake Allen without a rebound.
12:58 of 1st period - William Nylander wins face-off versus Kevin Hayes in SAN JOSE zone.
12:58 of 1st period - Ivan Provorov is hit by David Savard and loses puck.
13:11 of 1st period - Shot by Ivan Provorov.
13:11 of 1st period - Shot Blocked by Ryan Pulock.
13:50 of 1st period - William Nylander is hit by Brandon Montour and loses puck.
13:58 of 1st period - Icing by Brandon Montour.
13:59 of 1st period - Casey Mittelstadt wins face-off versus Ryan Dzingel in SAN JOSE zone.
14:20 of 1st period - Icing by Filip Hronek.
14:21 of 1st period - Casey Mittelstadt wins face-off versus Paul Stastny in BOSTON zone.
14:47 of 1st period - Filip Hronek is hit by Braydon Coburn and loses puck.
15:18 of 1st period - Shot by Ivan Barbashev.
15:18 of 1st period - Stopped by Jake Allen without a rebound.
15:19 of 1st period - Brian Boyle wins face-off versus William Nylander in SAN JOSE zone.
16:35 of 1st period - Shot by Dustin Brown.
16:35 of 1st period - Shot Blocked by Philippe Myers.
16:37 of 1st period - Shot by Kevin Hayes.
16:37 of 1st period - Stopped by Thatcher Demko with a rebound.
16:39 of 1st period - Shot by Brandon Montour.
16:39 of 1st period - Stopped by Thatcher Demko without a rebound.
16:40 of 1st period - Casey Mittelstadt wins face-off versus Paul Stastny in BOSTON zone.
17:15 of 1st period - Shot by Andrew Mangiapane.
17:15 of 1st period - Shot Blocked by Jon Merrill.
17:28 of 1st period - Minor Penalty to Alexandre Texier for Hooking.
17:29 of 1st period - Kevin Hayes wins face-off versus Reilly Smith in BOSTON zone.
17:30 of 1st period - Shot by Ryan Pulock.
17:30 of 1st period - Shot Misses the Net.
17:32 of 1st period - Shot by Ryan Pulock.
17:32 of 1st period - Goal by Ryan Pulock - BOSTON : 1 - SAN JOSE : 5.
17:33 of 1st period - Kevin Hayes wins face-off versus William Nylander in neutral zone.
17:33 of 1st period - Chris Kreider is hit by William Nylander and loses puck.
17:48 of 1st period - Kevin Hayes is hit by Reilly Smith and loses puck.
Goals for this period are 1 for BOSTON vs 5 for SAN JOSE.
Shots for this period are 4 for BOSTON vs 11 for SAN JOSE.

2nd period


0:01 of 2nd period - Kevin Hayes wins face-off versus William Nylander in neutral zone.
0:46 of 2nd period - Reilly Smith is hit by Dustin Brown and loses puck.
0:54 of 2nd period - Icing by Ivan Provorov.
0:55 of 2nd period - William Nylander wins face-off versus Ryan Dzingel in BOSTON zone.
0:55 of 2nd period - William Nylander is hit by Jesper Fast.
1:16 of 2nd period - Ivan Barbashev is hit by Cody Ceci and loses puck.
1:20 of 2nd period - Minor Penalty to Brandon Montour for Tripping.
1:21 of 2nd period - Chris Kreider wins face-off versus Ivan Barbashev in SAN JOSE zone.
1:50 of 2nd period - Shot by Ilya Kovalchuk.
1:50 of 2nd period - Deflect By Ivan Barbashev.
1:50 of 2nd period - Shot Misses the Net.
1:52 of 2nd period - Shot by Alec Martinez.
1:52 of 2nd period - Shot Misses the Net.
2:12 of 2nd period - Shot by Reilly Smith.
2:12 of 2nd period - Shot Misses the Net.
2:43 of 2nd period - Icing by Alec Martinez.
2:44 of 2nd period - Ivan Barbashev wins face-off versus Chris Kreider in BOSTON zone.
3:35 of 2nd period - Shot by Miles Wood.
3:35 of 2nd period - Shot Misses the Net.
3:53 of 2nd period - Shot by Casey Mittelstadt.
3:53 of 2nd period - Shot Blocked by Ryan Pulock.
6:01 of 2nd period - Shot by Kevin Hayes.
6:01 of 2nd period - Stopped by Thatcher Demko without a rebound.
6:02 of 2nd period - Ivan Barbashev wins face-off versus Lucas Wallmark in BOSTON zone.
6:21 of 2nd period - Ryan Carpenter is hit by Philippe Myers and loses puck.
6:37 of 2nd period - Icing by Brandon Montour.
6:38 of 2nd period - William Nylander wins face-off versus Lucas Wallmark in SAN JOSE zone.
10:01 of 2nd period - Icing by Jon Merrill.
10:02 of 2nd period - Paul Stastny wins face-off versus Ivan Barbashev in SAN JOSE zone.
10:02 of 2nd period - Paul Stastny is hit by Ivan Barbashev.
10:28 of 2nd period - Shot by Ilya Kovalchuk.
10:28 of 2nd period - Stopped by Jake Allen without a rebound.
10:29 of 2nd period - Kevin Hayes wins face-off versus William Nylander in SAN JOSE zone.
11:57 of 2nd period - Shot by Jesper Fast.
11:57 of 2nd period - Stopped by Thatcher Demko without a rebound.
11:58 of 2nd period - Ivan Barbashev wins face-off versus Lucas Wallmark in BOSTON zone.
12:04 of 2nd period - Icing by Ivan Provorov.
12:05 of 2nd period - Ivan Barbashev wins face-off versus Corey Perry in BOSTON zone.
12:07 of 2nd period - Minor Penalty to Corey Perry for Slashing.
12:08 of 2nd period - Chris Kreider wins face-off versus Ivan Barbashev in SAN JOSE zone.
12:14 of 2nd period - Icing by Ivan Provorov.
12:15 of 2nd period - Ivan Barbashev wins face-off versus Chris Kreider in BOSTON zone.
12:35 of 2nd period - Blake Comeau is hit by Ryan Pulock and loses puck.
12:49 of 2nd period - Blake Comeau is hit by Ryan Pulock and loses puck.
13:27 of 2nd period - Shot by Kevin Fiala.
13:27 of 2nd period - Stopped by Jake Allen with a rebound.
13:58 of 2nd period - Ivan Provorov is hit by Lucas Wallmark and loses puck.
14:31 of 2nd period - Shot by Casey Mittelstadt.
14:31 of 2nd period - Stopped by Jake Allen without a rebound.
14:32 of 2nd period - Ryan Dzingel wins face-off versus Alexandre Texier in SAN JOSE zone.
14:47 of 2nd period - Shot by Jesper Fast.
14:47 of 2nd period - Shot Misses the Net.
14:59 of 2nd period - Shot by Ryan Dzingel.
14:59 of 2nd period - Shot Misses the Net.
15:01 of 2nd period - Shot by Brandon Montour.
15:01 of 2nd period - Shot Misses the Net.
15:19 of 2nd period - Shot by Rickard Rakell.
15:19 of 2nd period - Stopped by Thatcher Demko without a rebound.
15:20 of 2nd period - Kevin Hayes wins face-off versus Casey Mittelstadt in BOSTON zone.
15:31 of 2nd period - Shot by Kevin Hayes.
15:31 of 2nd period - Shot Misses the Net.
15:58 of 2nd period - Dustin Brown is hit by Ivan Provorov.
16:16 of 2nd period - Shot by Ilya Kovalchuk.
16:16 of 2nd period - Stopped by Jake Allen without a rebound.
16:17 of 2nd period - Lucas Wallmark wins face-off versus Ivan Barbashev in SAN JOSE zone.
16:37 of 2nd period - Icing by Philippe Myers.
16:38 of 2nd period - Ivan Barbashev wins face-off versus Ryan Dzingel in BOSTON zone.
17:31 of 2nd period - Icing by Jon Merrill.
17:32 of 2nd period - Casey Mittelstadt wins face-off versus Ryan Dzingel in SAN JOSE zone.
17:38 of 2nd period - Icing by Jon Merrill.
17:39 of 2nd period - William Nylander wins face-off versus Ryan Dzingel in SAN JOSE zone.
17:48 of 2nd period - Shot by Reilly Smith.
17:48 of 2nd period - Stopped by Jake Allen without a rebound.
17:49 of 2nd period - Kevin Hayes wins face-off versus Casey Mittelstadt in SAN JOSE zone.
17:49 of 2nd period - Chris Kreider is hit by Miles Wood and loses puck.
18:56 of 2nd period - Icing by William Nylander.
18:57 of 2nd period - Lucas Wallmark wins face-off versus William Nylander in BOSTON zone.
19:40 of 2nd period - Filip Hronek is hit by Ryan Carpenter and loses puck.
19:48 of 2nd period - Icing by Alec Martinez.
19:49 of 2nd period - William Nylander wins face-off versus Paul Stastny in BOSTON zone.
19:49 of 2nd period - William Nylander is hit by Paul Stastny.
19:54 of 2nd period - Off-side.
19:55 of 2nd period - Kevin Hayes wins face-off versus Ivan Barbashev in neutral zone.
Goals for this period are 0 for BOSTON vs 0 for SAN JOSE.
Shots for this period are 5 for BOSTON vs 3 for SAN JOSE.

3rd period


0:01 of 3rd period - Kevin Hayes wins face-off versus William Nylander in neutral zone.
0:06 of 3rd period - Shot by Dustin Brown.
0:06 of 3rd period - Shot Misses the Net.
0:50 of 3rd period - Chris Kreider is hit by Reilly Smith and loses puck.
1:07 of 3rd period - Shot by Rickard Rakell.
1:07 of 3rd period - Goal by Rickard Rakell - BOSTON : 1 - SAN JOSE : 6.
1:07 of 3rd period - Martin Jones enters game.
1:08 of 3rd period - Rickard Rakell wins face-off versus Ivan Barbashev in neutral zone.
1:08 of 3rd period - Jakob Silfverberg is hit by Ilya Kovalchuk and loses puck.
1:28 of 3rd period - Alec Martinez is hit by Rickard Rakell.
1:40 of 3rd period - Shot by Blake Comeau.
1:40 of 3rd period - Deflect By Ivan Barbashev.
1:40 of 3rd period - Shot Misses the Net.
1:42 of 3rd period - Shot by Blake Comeau.
1:42 of 3rd period - Deflect By Ivan Barbashev.
1:42 of 3rd period - Stopped by Jake Allen without a rebound.
1:43 of 3rd period - Brian Boyle wins face-off versus Casey Mittelstadt in SAN JOSE zone.
1:45 of 3rd period - Icing by Jesper Fast.
1:46 of 3rd period - Ryan Dzingel wins face-off versus Casey Mittelstadt in SAN JOSE zone.
1:46 of 3rd period - Ryan Dzingel is hit by Miles Wood.
2:38 of 3rd period - Shot by Ivan Provorov.
2:38 of 3rd period - Shot Misses the Net.
2:41 of 3rd period - Icing by Braydon Coburn.
2:42 of 3rd period - Kevin Fiala wins face-off versus Ryan Dzingel in SAN JOSE zone.
2:54 of 3rd period - Kevin Fiala is hit by Jon Merrill and loses puck.
3:18 of 3rd period - Miro Heiskanen is hit by Braydon Coburn and loses puck.
3:22 of 3rd period - Icing by Jon Merrill.
3:23 of 3rd period - Ivan Barbashev wins face-off versus Ryan Dzingel in SAN JOSE zone.
3:50 of 3rd period - Shot by Chris Kreider.
3:50 of 3rd period - Shot Misses the Net.
4:12 of 3rd period - Shot by Kevin Hayes.
4:12 of 3rd period - Stopped by Martin Jones without a rebound.
4:13 of 3rd period - Paul Stastny wins face-off versus Casey Mittelstadt in BOSTON zone.
4:47 of 3rd period - Shot by Paul Stastny.
4:47 of 3rd period - Stopped by Martin Jones without a rebound.
4:48 of 3rd period - Lucas Wallmark wins face-off versus William Nylander in BOSTON zone.
5:05 of 3rd period - Shot by Reilly Smith.
5:05 of 3rd period - Shot Blocked by Ryan Pulock.
5:07 of 3rd period - Shot by Reilly Smith.
5:07 of 3rd period - Shot Misses the Net.
5:09 of 3rd period - Shot by Philippe Myers.
5:09 of 3rd period - Shot Blocked by David Savard.
5:17 of 3rd period - Shot by Reilly Smith.
5:17 of 3rd period - Shot Misses the Net.
5:19 of 3rd period - Shot by Kevin Fiala.
5:19 of 3rd period - Shot Blocked by Ryan Pulock.
5:21 of 3rd period - Shot by Kevin Fiala.
5:21 of 3rd period - Stopped by Jake Allen without a rebound.
5:22 of 3rd period - Ivan Barbashev wins face-off versus Kevin Hayes in SAN JOSE zone.
5:30 of 3rd period - Off-side.
5:31 of 3rd period - Casey Mittelstadt wins face-off versus Paul Stastny in neutral zone.
6:00 of 3rd period - Shot by Rickard Rakell.
6:00 of 3rd period - Shot Misses the Net.
6:02 of 3rd period - Shot by Jakob Silfverberg.
6:02 of 3rd period - Shot Misses the Net.
6:19 of 3rd period - Icing by Ivan Provorov.
6:20 of 3rd period - Casey Mittelstadt wins face-off versus Kevin Hayes in BOSTON zone.
8:02 of 3rd period - Braydon Coburn is hit by Filip Hronek and loses puck.
8:17 of 3rd period - Cody Ceci is hit by Reilly Smith and loses puck.
8:31 of 3rd period - Icing by Kevin Fiala.
8:32 of 3rd period - Lucas Wallmark wins face-off versus William Nylander in BOSTON zone.
8:32 of 3rd period - Lucas Wallmark is hit by Filip Hronek.
8:34 of 3rd period - Shot by Corey Perry.
8:34 of 3rd period - Stopped by Martin Jones without a rebound.
8:35 of 3rd period - Kevin Hayes wins face-off versus Ivan Barbashev in BOSTON zone.
8:50 of 3rd period - David Savard is hit by Blake Comeau and loses puck.
9:31 of 3rd period - Ivan Provorov is hit by Kevin Hayes and loses puck.
10:50 of 3rd period - Shot by Ryan Dzingel.
10:50 of 3rd period - Deflect By Brian Boyle.
10:50 of 3rd period - Stopped by Martin Jones without a rebound.
10:51 of 3rd period - Lucas Wallmark wins face-off versus Ivan Barbashev in BOSTON zone.
11:47 of 3rd period - Shot by Chris Kreider.
11:47 of 3rd period - Shot Misses the Net.
11:51 of 3rd period - Shot by Chris Kreider.
11:51 of 3rd period - Stopped by Martin Jones without a rebound.
11:52 of 3rd period - Paul Stastny wins face-off versus Casey Mittelstadt in BOSTON zone.
11:57 of 3rd period - Shot by Paul Stastny.
11:57 of 3rd period - Stopped by Martin Jones with a rebound.
11:59 of 3rd period - Shot by Rickard Rakell.
11:59 of 3rd period - Shot Misses the Net.
12:01 of 3rd period - Shot by Rickard Rakell.
12:01 of 3rd period - Deflect By Jakob Silfverberg.
12:01 of 3rd period - Shot Misses the Net.
12:07 of 3rd period - Shot by Jakob Silfverberg.
12:07 of 3rd period - Shot Blocked by Filip Hronek.
12:42 of 3rd period - Alec Martinez is hit by Brian Boyle and loses puck.
13:05 of 3rd period - Icing by Jesper Fast.
13:06 of 3rd period - Alexandre Texier wins face-off versus Ryan Dzingel in SAN JOSE zone.
13:06 of 3rd period - Alexandre Texier is hit by Braydon Coburn.
13:40 of 3rd period - Shot by Chris Kreider.
13:40 of 3rd period - Stopped by Martin Jones without a rebound.
13:41 of 3rd period - Ilya Kovalchuk wins face-off versus Lucas Wallmark in BOSTON zone.
15:55 of 3rd period - Icing by Jon Merrill.
15:56 of 3rd period - Ivan Barbashev wins face-off versus Paul Stastny in SAN JOSE zone.
16:26 of 3rd period - Alec Martinez is hit by Jon Merrill and loses puck.
16:48 of 3rd period - Andrew Mangiapane is hit by Cody Ceci and loses puck.
16:59 of 3rd period - Andrew Mangiapane is hit by Jesper Fast and loses puck.
17:15 of 3rd period - Shot by Kevin Fiala.
17:15 of 3rd period - Stopped by Jake Allen without a rebound.
17:16 of 3rd period - Kevin Hayes wins face-off versus William Nylander in SAN JOSE zone.
17:40 of 3rd period - Shot by Ryan Pulock.
17:40 of 3rd period - Shot Blocked by Ivan Provorov.
17:42 of 3rd period - Shot by Ryan Pulock.
17:42 of 3rd period - Stopped by Martin Jones with a rebound.
17:44 of 3rd period - Shot by Dustin Brown.
17:44 of 3rd period - Shot Blocked by Ivan Provorov.
17:46 of 3rd period - Shot by David Savard.
17:46 of 3rd period - Stopped by Martin Jones with a rebound.
17:52 of 3rd period - Shot by Kevin Hayes.
17:52 of 3rd period - Shot Misses the Net.
18:20 of 3rd period - Shot by Corey Perry.
18:20 of 3rd period - Stopped by Martin Jones without a rebound.
18:21 of 3rd period - Casey Mittelstadt wins face-off versus Ryan Dzingel in BOSTON zone.
18:21 of 3rd period - Casey Mittelstadt is hit by Jesper Fast.
19:17 of 3rd period - Shot by Rickard Rakell.
19:17 of 3rd period - Stopped by Martin Jones without a rebound.
19:18 of 3rd period - Dustin Brown wins face-off versus Ivan Barbashev in BOSTON zone.
19:33 of 3rd period - Shot by Chris Kreider.
19:33 of 3rd period - Stopped by Martin Jones without a rebound.
19:34 of 3rd period - Paul Stastny wins face-off versus William Nylander in BOSTON zone.
19:45 of 3rd period - Shot by Reilly Smith.
19:45 of 3rd period - Shot Misses the Net.
19:47 of 3rd period - Shot by Filip Hronek.
19:47 of 3rd period - Stopped by Jake Allen with a rebound.
19:49 of 3rd period - Shot by Kevin Fiala.
19:49 of 3rd period - Shot Misses the Net.
Goals for this period are 0 for BOSTON vs 1 for SAN JOSE.
Shots for this period are 4 for BOSTON vs 13 for SAN JOSE.